 Dungeon Crawl Stone Soup version 0.29.0-4-gdea44cf6ec (webtiles) character file.

Game seed: 17959768986331801208

44 qw the Chopper (level 3, -8/21 HPs)
             Began as a Tengu Warper on Aug 28, 2022.
             Killed from afar by Sigmund (9 damage)
             ... with a puff of flame
             ... on level 2 of the Dungeon.
             The game lasted 00:00:06 (1494 turns).

qw the Chopper (Tengu Warper)                       Turns: 1494, Time: 00:00:07

Health: -8/21      AC:  5    Str: 13    XL:     3   Next: 60%
Magic:  7/7        EV: 11    Int: 13    God:
Gold:   74         SH:  0    Dex: 13    Spells: 6/6 levels left

rFire   . . .      SeeInvis .   Y - +0 hand axe
rCold   . . .      Faith    .   (no shield)
rNeg    . . .      Spirit   .   h - +0 ring mail
rPois   .          Reflect  .   (helmet restricted)
rElec   .          Harm     .   (no cloak)
rCorr   .          Rampage  .   (no gloves)
Will    .....                   (boots unavailable)
Stlth   ..........              (no amulet)
HPRegen 0.07/turn               (no ring)
MPRegen 0.10/turn               (no ring)

@: confused
A: beak, talons 3
a: no special abilities


You were on level 2 of the Dungeon.
You visited 1 branch of the dungeon, and saw 2 of its levels.

You collected 74 gold pieces.


Innate Abilities, Weirdness & Mutations

You have a beak for a mouth.
You have claws for feet.


   Skills:
 - Level 2.0 Fighting
 + Level 4.2 Axes
 - Level 1.0 Throwing
 - Level 1.1 Armour
 - Level 2.1 Dodging
 - Level 2.0 Spellcasting
 - Level 2.4 Translocations


You had 6 spell levels left.
You didn't know any spells.
Your spell library contained the following spells:

 Spells                   Type           Power      Damage    Failure   Level
 Blink                    Tloc           14%        N/A       30%         2
 Gell's Gravitas          Tloc           7%         N/A       52%         3
 Lesser Beckoning         Tloc           7%         N/A       52%         3
 Teleport Other           Tloc           7%         N/A       52%         3
 Manifold Assault         Tloc           7%         N/A       99%         5

Inventory:

Hand Weapons
 f - a +0 whip
 Y - a +0 hand axe (weapon)
Armour
 h - a +0 ring mail (worn)
Scrolls
 d - a scroll of identify
 j - a scroll of noise {unknown}
Potions
 a - 3 potions of might {unknown}
 b - a potion of berserk rage {unknown}
 c - 2 potions of magic {unknown}
 e - a potion of cancellation {unknown}
 g - a potion of curing {unknown}
 i - a potion of degeneration {unknown}

Dungeon Overview and Level Annotations

Branches:
Dungeon (2/15)

Altars:

Annotations:
D:2 Sigmund


Message History

You closely miss the giant cockroach. You claw the giant cockroach.
You kill the giant cockroach!
You start resting.
HP restored.
j - a scroll labelled PUGGYE MUAR
Found a sling.
Found a stone staircase leading down.
a - 3 viscous puce potions (gained 1)
You see here a +0 sling.
c - 2 emerald potions (gained 1)
You now have 74 gold pieces (gained 10).
Sigmund and 2 kobolds come into view.
The kobold shouts!
Sigmund moves out of view.
The kobold moves out of view.
Enter note: An endoplasm comes into view.
You hit the endoplasm.
You kill the endoplasm!
You hit the kobold but do no damage. Your peck misses the kobold.
The kobold hits you but does no damage.
You hit the kobold but do no damage. You peck the kobold.
You kill the kobold!
Sigmund hits you from afar with a +0 scythe!
The kobold hits you with a +0 dagger. Sigmund hits you with a +0 scythe!
You see here a +0 short sword.
You barely miss Sigmund. You barely miss the kobold.
The kobold hits you with a +0 dagger.
You hit Sigmund. You peck Sigmund.
Sigmund is lightly wounded.
You barely miss the kobold. The kobold hits you but does no damage.
Sigmund gestures at you while chanting.
You are confused.
The kobold attacks as you move away! The kobold closely misses you.
Sigmund attacks as you move away! Sigmund hits you but does no damage.
Sigmund casts a spell at you.
You are more confused.
The kobold hits you but does no damage. Sigmund gestures at you while chanting.
The puff of flame hits you!
You die...

.#.....# #..#
......>####..# ..
#........##### ### ##.
##...##.......#... #..
#..........##.#.7#
##.###.#.)##....##....
.......#..##....#...
##.#####..##....#@##.#.#
................@.......
.........###....K.##.#..
.####...## #......# .#
##..# #....PP# .# ##..#
##..PP.P.#
.####.........7777P..
#.......###...PP.P.#.#
............##....##...
#.......#........... .#


You could see Sigmund and a kobold.

Vanquished Creatures
  An adder (D:2)
  7 ball pythons
  6 endoplasms
  2 giant cockroaches
  5 goblins
  2 hobgoblins (D:1)
  A jackal (D:1)
  A quokka (D:2)
  A bat (D:1)
  A frilled lizard (D:1)
  2 kobolds
  A rat (D:2)
30 creatures vanquished.

Notes
Turn   | Place    | Note
-------+----------+-------------------------------------------
     0 | D:1      | qw the Tengu Warper began the quest for the Orb.
     0 | D:1      | Reached XP level 1. HP: 12/12 MP: 4/4
     0 | D:1      | 0 ||| qw: Version: 0.1-a-89-g26bdef1
     0 | D:1      | 0 ||| qw: Game counter: 3355
     0 | D:1      | 0 ||| qw: Always use a shield: true
     0 | D:1      | 0 ||| qw: God list: Okawaru
     0 | D:1      | 0 ||| qw: Allow faded altars: false
     0 | D:1      | 0 ||| qw: Do Orc after D:15 true
     0 | D:1      | 0 ||| qw: Do second Lair branch before Depths: true
     0 | D:1      | 0 ||| qw: Lair rune preference: random
     0 | D:1      | 0 ||| qw: Plans: Normal
     0 | D:1      | 0 ||| PLANNING D:1-11
   226 | D:1      | 226 ||| DROPPING +0 club.
   321 | D:1      | Reached XP level 2. HP: 17/17 MP: 6/6
   321 | D:1      | 321 ||| Stepping ~*~*~tactically~*~*~ (stealth).
   327 | D:1      | 327 ||| Stepping ~*~*~tactically~*~*~ (stealth).
   330 | D:1      | 330 ||| Stepping ~*~*~tactically~*~*~ (stealth).
   335 | D:1      | 335 ||| Stepping ~*~*~tactically~*~*~ (stealth).
   336 | D:1      | 336 ||| Stepping ~*~*~tactically~*~*~ (stealth).
   337 | D:1      | 337 ||| Stepping ~*~*~tactically~*~*~ (stealth).
   338 | D:1      | 338 ||| Stepping ~*~*~tactically~*~*~ (stealth).
   340 | D:1      | 340 ||| Stepping ~*~*~tactically~*~*~ (stealth).
   346 | D:1      | Reached skill level 3 in Axes
   930 | D:1      | 930 ||| UPGRADING to +0 ring mail.
   940 | D:1      | 940 ||| DROPPING +0 leather armour.
   941 | D:1      | 941 ||| READING scroll labelled NOESAM JEIFIY.
   942 | D:1      | 942 ||| DROPPING scroll of blinking.
   990 | D:2      | 990 ||| STAIRDANCE
  1036 | D:2      | 1036 ||| STAIRDANCE
  1203 | D:2      | Reached XP level 3. HP: 21/21 MP: 7/7
  1212 | D:2      | Reached skill level 4 in Axes
  1484 | D:2      | Noticed Sigmund
  1490 | D:2      | HP: 2/21 [Sigmund/+0 scythe (9)]
  1494 | D:2      | Killed from afar by Sigmund

Levels and vault maps discovered:
D:1:      dpeg_arrival_arbitrary_a, layout_loops_ring, st_stairs_13,
          minmay_tetromino_l4
D:2:      layout_rooms, serial_forest, infiniplex_forest_clump_small,
          infiniplex_forest_zigzag_1, infiniplex_forest_lined_2,
          infiniplex_forest_lined_room_3, infiniplex_forest_lined_3,
          minmay_ruptured, uniq_sigmund

Skill      XL: |  1  2  3 |
---------------+----------+-----
Axes           | 3 4 |  4.2
Fighting       | |  2.0
Throwing       | |  1.0
Armour         | |  1.1
Dodging        | |  2.1
Spellcasting   | |  2.0
Translocations | |  2.4

Action                   || total
-------------------------++-------
Melee: Hand axe          ||    57
       Peck              ||    12
       Kick              ||    13
Throw: Boomerang         ||     7
  Use: Scroll            ||     1
Armor: Ring mail         ||    12
       Leather armour    ||     5
Dodge: Dodged            ||    23

Table legend:
 A = Non-vault XP
 B = Vault XP
 C = Vault XP percentage of total XP
 D = Non-vault monster count
 E = Vault monster count
 F = Vault count percentage of total count
                 A         B        C        D         E       F
            +---------+---------+-------+---------+---------+-------
      Total |      49 |      14 |  22.2 |      22 |       8 |  26.7
            +---------+---------+-------+---------+---------+-------
        D:1 |      19 |       7 |  26.9 |      12 |       4 |  25.0
        D:2 |      30 |       7 |  18.9 |      10 |       4 |  28.6
            +---------+---------+-------+---------+---------+-------
